 Dungeon Crawl Stone Soup version 0.30-a0-634-g8abc85282e (webtiles) character file.

Game seed: 13303727221386526329

80 Leeroy the Slasher (level 4, -2/26 HPs)
             Began as a Tengu Warper on Jan 14, 2023.
             Slain by an orc priest
             ... wielding a +0 mace
              (5 damage)
             ... on level 3 of the Dungeon.
             The game lasted 00:01:44 (1179 turns).

Leeroy the Slasher (Tengu Warper)                   Turns: 1179, Time: 00:01:45

Health: -2/26      AC:  2    Str: 11    XL:     4   Next: 39%
Magic:  8/8        EV: 12    Int: 13    God:
Gold:   162        SH:  0    Dex: 16    Spells: 2/7 levels left

rFire   + . .      SeeInvis .    a - +0 falchion
rCold   + + .      Faith    .    (no shield)
rNeg    . . .      Spirit   .    l - +0 robe {rC+}
rPois   +          Reflect  .    (helmet restricted)
rElec   +          Harm     .    (no cloak)
rCorr   +          Rampage  .    (no gloves)
Will    .....                    (boots unavailable)
Stlth   +                        (no amulet)
HPRegen 0.24/turn                (no ring)
MPRegen 0.11/turn                (no ring)

@: resistant
A: beak, talons 3
a: no special abilities


You were on level 3 of the Dungeon.
You visited 1 branch of the dungeon, and saw 3 of its levels.

You collected 162 gold pieces.

Inventory:

Hand Weapons
 a - a +0 falchion (weapon)
Missiles
 d - 7 boomerangs of dispersal (quivered)
 m - 3 boomerangs
Armour
 b - a +0 leather armour
 l - a +0 robe of cold resistance (worn)
Scrolls
 c - a scroll of blinking
 g - a scroll of poison {unknown}
 i - a scroll of enchant weapon {unknown}
 j - 4 scrolls of identify {unknown}
 k - a scroll of teleportation {unknown}
Potions
 e - 2 potions of resistance
 f - 2 potions of curing {unknown}
 h - 2 potions of heal wounds {unknown}
 n - a potion of haste {unknown}


   Skills:
 - Level 2.0 Fighting
 + Level 5.0 Long Blades
 - Level 1.0 Throwing
 - Level 1.1 Armour
 - Level 2.1 Dodging
 - Level 2.0 Spellcasting
 - Level 2.4 Translocations


You had 2 spell levels left.
You knew the following spells:

 Your Spells              Type           Power      Damage    Failure   Level
a - Blink                 Tloc           14%        N/A       14%         2
b - Vhi's Electric Charg  Tloc/Air       8%         N/A       43%         3

Your spell library contained the following spells:

 Spells                   Type           Power      Damage    Failure   Level
 Lesser Beckoning         Tloc           14%        N/A       28%         3
 Teleport Other           Tloc           7%         N/A       28%         3
 Summon Guardian Golem    Hex/Summ       1%         N/A       58%         3
 Manifold Assault         Tloc           7%         N/A       67%         4
 Orb of Destruction       Conj           0%         9d5       100%        7
 Spellforged Servitor     Conj/Summ      0%         N/A       100%        7


Dungeon Overview and Level Annotations

Branches:
Dungeon (3/15)

Altars:
Cheibriados
Nemelex Xobeh
Qazlal
Trog

Annotations:
D:2 Natasha, Sigmund


Innate Abilities, Weirdness & Mutations

You have a beak for a mouth.
You have claws for feet.


Message History

You slash the hobgoblin!
You kill the hobgoblin!
No target in view!
There is an open door here.
An endoplasm comes into view.
An endoplasm is nearby!
An endoplasm is nearby!
There is an open door here.
No target in view!
No target in view!
No target in view!
The endoplasm quivers.
The endoplasm closely misses you.
You slash the endoplasm!
You kill the endoplasm!
Your Long Blades skill increases to level 5!
No target in view!
No target in view!
No target in view!
You open the door. 3 orc priests come into view.
Found 51 gold pieces.
Found a roughly hewn altar of Beogh.
There are monsters nearby!
There are monsters nearby!
There is an open door here.
The orc priest shouts! x2
The orc priest mumbles some strange prayers to Beogh against you.
Pain shoots through your body!
The orc priest shouts!
The orc priest calls down the wrath of Beogh upon you.
Beogh smites you!
Ouch! That really hurt!
* * * LOW HITPOINT WARNING * * *
The orc priest hits you with a +0 mace.
* * * LOW HITPOINT WARNING * * *
You are too injured to fight recklessly!
It was a potion of resistance.
You feel protected. The orc priest hits you with a +0 mace.
You die...

##### #######
##...## #.....#
###.8.8$#
#.....###.'.@o$o#
#.....<...#.8o8$#
#.....###.##...##
#...>.# #.######
###.### #.#### #.#
#....## #.#
#####...#####
#.###...##.##...##
#.##.8.8.#.#.8.8.#


You could see 3 orc priests.

Vanquished Creatures
  Natasha (twice) (D:2)
  2 ball pythons
  3 bats
  5 endoplasms
  A giant cockroach (D:1)
  2 goblins
  5 hobgoblins
  2 kobolds (D:1)
  3 quokkas
  2 frilled lizards (D:1)
  2 rats (D:1)
29 creatures vanquished.

Notes
Turn   | Place    | Note
-------+----------+-------------------------------------------
     0 | D:1      | Leeroy the Tengu Warper began the quest for the Orb.
     0 | D:1      | Reached XP level 1. HP: 12/12 MP: 4/4
    72 | D:1      | Reached XP level 2. HP: 17/17 MP: 6/6
    73 | D:1      | Reached skill level 3 in Long Blades
   512 | D:2      | Noticed Natasha
   588 | D:2      | Killed Natasha
   589 | D:2      | Reached skill level 4 in Long Blades
   589 | D:2      | Reached XP level 3. HP: 11/21 MP: 7/7
   634 | D:2      | Noticed Sigmund
   792 | D:2      | Noticed Natasha
   797 | D:2      | Killed Natasha
   798 | D:2      | Reached XP level 4. HP: 15/26 MP: 8/8
   803 | D:2      | Learned a level 2 spell: Blink
   807 | D:2      | Learned a level 3 spell: Vhi's Electric Charge
  1016 | D:2      | Noticed Natasha
  1117 | D:3      | Found a sparkling altar of Nemelex Xobeh.
  1131 | D:3      | Found a snail-covered altar of Cheibriados.
  1134 | D:3      | Found a stormy altar of Qazlal.
  1137 | D:3      | Found a bloodstained altar of Trog.
  1156 | D:3      | Reached skill level 5 in Long Blades
  1179 | D:3      | Slain by an orc priest

Illustrated notes

Levels and vault maps discovered:
D:1:      matt_arrival_grand_opening, layout_rooms
D:2:      layout_basic, serial_bayou_crossing, uniq_natasha, uniq_sigmund
D:3:      layout_loops_cross, nicolae_yredelemnul_corpse_copse,
          grunt_temple_overflow_cloverleaf, roderic_serpentine_path,
          serial_bayou_lagoon_a, kennysheep_orc_chapel

Skill      XL: |  1  2  3  4 |
---------------+-------------+-----
Long Blades    | 4 5 |  5.0
Fighting       | |  2.0
Throwing       | |  1.0
Armour         | |  1.1
Dodging        | |  2.1
Spellcasting   | |  2.0
Translocations | |  2.4

Action                   |  1- 3 |  4- 6 || total
-------------------------+-------+-------++-------
Melee: Falchion          |    43 |    11 ||    54
       Kick              |     9 |     2 ||    11
       Peck              |     4 |     2 ||     6
  Use: Potion            |       |     1 ||     1
Armor: Leather armour    |     6 |       ||     6
       Robe              |     5 |     1 ||     6
Dodge: Dodged            |    23 |     4 ||    27

Table legend: (Time is in decaauts)
 A = Elapsed time spent in this place.
 B = Non-inter-level travel time spent in this place.
 C = Inter-level travel time spent in this place.
 D = Time resting spent in this place.
 E = Time spent auto-exploring this place.
 F = Levels seen in this place.
 G = Mean time per level.
                   A        B        C        D        E       F      G
               +--------+--------+--------+--------+--------+-----+--------+
         Total |   1195 |   1155 |     40 |    142 |    766 |   3 |  398.3 |
       Dungeon |   1195 |   1155 |     40 |    142 |    766 |   3 |  398.3 |
               +--------+--------+--------+--------+--------+-----+--------+

Top non-repeatable levels by time:
     D:1: 623 daAuts
     D:2: 428 daAuts
     D:3: 143 daAuts
